[Event "Live Chess"]
[Site "Chess.com"]
[Date "2024.06.01"]
[Round "-"]
[White "Andysav3"]
[Black "booktrunk"]
[Result "1-0"]
[WhiteElo "1861"]
[BlackElo "1377"]
[TimeControl "300"]
[EndTime "11:21:27 PDT"]
[Termination "Andysav3 won by resignation"]

1. e4 b6 2. d4 Bb7 3. Nc3 e6 4. Nf3 h6 5. Bd3 Bb4 6. O-O Nf6 7. e5 Nd5 8. Ne4 Bf8 9. c4 Ne7 10. b3 a5 11. Bb2 Ng6 12. Qd2 Be7 13. a3 d6 14.
exd6 cxd6 15. Rad1 O-O 16. Ng3 Bf6 17. Qe3 Re8 18.
Nh5 Bg5 19. Nxg5 Qxg5 20. Qxg5 hxg5 21. Bxg6 fxg6 22. Ng3 Nd7 23. Rfe1 Re7 24. Ne4 d5 25. Nxg5 dxc4 26. bxc4 Rae8 27. f3 Nf6 28. Re2 Nh5 29.
Bc1 Bc8 30. Rde1 Nf4 31. Re3 Kf8 32. g3 Nh5 33. Kf2 Nf6 34. Bb2 Kg8 35. Re5 Bd7 36. d5 exd5 37. Rxe7 1-0

[Event "Live Chess"]
[Site "Chess.com"]
[Date "2024.06.01"]
[Round "-"]
[White "RamsayFlayer"]
[Black "WelshTiger"]
[Result "0-1"]
[WhiteElo "1960"]
[BlackElo "2532"]
[TimeControl "300"]
[EndTime "11:21:54 PDT"]
[Termination "WelshTiger won by checkmate"]

1. e4 c6 2. d4 d5 3. Nc3 dxe4 4.
Nxe4 Nf6 5. Nxf6+ exf6 6. Nf3 Bd6 7. Bc4 O-O 8. h3 Nd7 9. O-O b5 10. Bb3 Nb6 11. c3 a5 12. Be3 a4 13. Bc2 Nd5 14.
Qd3 g6 15. Bh6 Re8 16. Rfe1 Be6 17. Nd2 Bf5 18. Ne4 Qd7 19. g4 Bxe4 20. Rxe4 Rxe4 21.
Qxe4 Re8 22. Qd3 Bf4 23. Bxf4 Nxf4 24. Qf3 g5 25. Bf5 Qd6 26. Kf1 Re2 27. b3 Qa3 28. Qxc6 Qb2 29. Rb1 Rxf2+ 30. Kg1 Rg2+ 31. Kh1 Rh2+ 32.
Kg1 Qf2# 0-1

[Event "Live Chess"]
[Site "Chess.com"]
[Date "2024.06.01"]
[Round "-"]
[White "GerardATHart"]
[Black "OurKnightAtTheOpera"]
[Result "0-1"]
[WhiteElo "1414"]
[BlackElo "2023"]
[TimeControl "300"]
[EndTime "11:22:04 PDT"]
[Termination "OurKnightAtTheOpera won by resignation"]

1. e4 e5 2. f4 exf4 3. Nf3 d5 4. exd5 Nf6 5. d4 Nxd5 6. c4 Bb4+ 7. Bd2 Ne3 8. Qc1 Nc6 9. Nc3 Nxd4 10. Nxd4 Qxd4 11. Bxe3 fxe3 0-1

[Event "Live Chess"]
[Site "Chess.com"]
[Date "2024.06.01"]
[Round "-"]
[White "oscalik"]
[Black "Queensandpawns"]
[Result "0-1"]
[WhiteElo "2368"]
[BlackElo "2450"]
[TimeControl "300"]
[EndTime "11:22:13 PDT"]
[Termination "Queensandpawns won by resignation"]

1. e4 c6 2. Nc3 d5 3. Qf3 dxe4 4.
Nxe4 Nf6 5. b3 Qd5 6. Bd3 Qe5 7. c3 Bf5 8. Qe3 Nxe4 9. f3 Nc5 10. Bxf5 Qxf5 11.
d4 Ncd7 12. g4 Qe6 13. h4 Qxe3+ 14. Bxe3 e5 15. Ne2 Na6 16. O-O-O O-O-O 17. dxe5 Ba3+ 18. Kb1 Nxe5 19. Bg5 f6 20. Bf4 Nxf3 21. Rdf1 Nd2+ 22. Bxd2 Rxd2 0-1

[Event "Live Chess"]
[Site "Chess.com"]
[Date "2024.06.01"]
[Round "-"]
[White "FlyingChessKestrel13"]
[Black "TJ-W"]
[Result "1-0"]
[WhiteElo "2096"]
[BlackElo "1551"]
[TimeControl "300"]
[EndTime "11:22:14 PDT"]
[Termination "FlyingChessKestrel13 won by checkmate"]

1. e4 e5 2. Nf3 Nc6 3. Bb5 a6 4. Ba4 Bc5 5. c3 d6 6. O-O b5 7. Bc2 Nf6 8. d4 exd4 9. cxd4 Bb6 10. Nc3 O-O 11. Bg5 h6 12. Bxf6 Qxf6 13. Nd5 Qd8 14. Nxb6 cxb6 15. d5 Ne7 16. Nd4 f5 17. Nxf5 Nxf5 18.
exf5 Bxf5 19. Bxf5 Rxf5 20. Qd3 Rh5 21. h3 Qg5 22.
Rad1 Rf8 23. Qe3 Qd8 24. Qe6+ Kh8 25. f4 Rhf5 26. Qe4 Qf6 27. Rd4 Rc8 28. g4 Rxd5 29. Rxd5 Qxb2 30. Rxd6 Qxa2 31. Re6 Qa3 32. Re8+ Rxe8 33.
Qxe8+ Kh7 34. Qe4+ Kh8 35. Qf3 Qc5+ 36. Qf2 b4 37. Qxc5 bxc5 38. Rc1 b3 39. Rxc5 b2 40. Rc8+ Kh7 41. Rb8 b1=Q+ 42. Rxb1 a5 43. Ra1 a4 44. Rxa4 h5 45. g5 h4 46. Kf2 Kg6 47. Kf3 Kh5 48. Ra1 g6 49. f5 Kxg5 50. fxg6 Kxg6 51. Kg4 Kh6 52. Ra6+ Kg7 53. Kf5 Kh7 54. Rb6 Kg8 55.
Kf6 Kh7 56. Rb8 Kh6 57. Rh8# 1-0

[Event "Live Chess"]
[Site "Chess.com"]
[Date "2024.06.01"]
[Round "-"]
[White "PureDashingOctopus"]
[Black "elephantgerrald"]
[Result "1-0"]
[WhiteElo "2246"]
[BlackElo "756"]
[TimeControl "300"]
[EndTime "11:22:26 PDT"]
[Termination "PureDashingOctopus won by checkmate"]

1. e4 e6 2. d4 d5 3. Nd2 Nc6 4. Ngf3 Nf6 5. e5 Ng4 6. h3 Nh6 7. Bd3 Be7 8. c3 O-O 9. Nf1 Bd7 10. Bxh6 gxh6 11. Ng3 Bf6 12. exf6 Qxf6 13. Bc2 e5 14.
O-O exd4 15. Qd3 Ne5 16. Qxh7# 1-0

[Event "Live Chess"]
[Site "Chess.com"]
[Date "2024.06.01"]
[Round "-"]
[White "CarmelJane"]
[Black "viktorskliarov"]
[Result "0-1"]
[WhiteElo "2085"]
[BlackElo "2646"]
[TimeControl "300"]
[EndTime "11:22:29 PDT"]
[Termination "viktorskliarov won by resignation"]

1. e4 c5 2. Nf3 Nc6 3. Bb5 e6 4. Bxc6 bxc6 5. d3 Ne7 6. O-O Ng6 7. Nc3 e5 8. Be3 Be7 9. Nd2 O-O 10. Ne2 d6 11. f4 f5 12. fxe5 Nxe5 13. exf5 Bxf5 14. Ng3 Bg6 15. Nf3 Ng4 16. Bd2 Bf6 17. Rb1 Rb8 18.
b3 Qd7 19. Ne4 Bxe4 20. dxe4 Rbe8 21. h3 Ne5 22. Be3 Nxf3+ 23. Rxf3 Qe6 24. Bf2 Be5 25. Rxf8+ Rxf8 26. Qd3 Qf6 27. Rf1 Qf4 28. g3 Qf3 29.
Be1 Bd4+ 0-1

[Event "Live Chess"]
[Site "Chess.com"]
[Date "2024.06.01"]
[Round "-"]
[White "chessfiction"]
[Black "febray_27"]
[Result "1/2-1/2"]
[WhiteElo "2404"]
[BlackElo "2006"]
[TimeControl "300"]
[EndTime "11:22:41 PDT"]
[Termination "Game drawn - insufficient material"]

1. e4 Nf6 2. e5 Ng8 3. Nc3 d5 4. exd6 Qxd6 5. Nf3 Nf6 6. d4 g6 7. Bc4 Bg7 8. Ne5 O-O 9. Bf4 Qb4 10. Bb3 Ne4 11. O-O Nxc3 12. Qe1 Ne2+ 13. Qxe2 Qxd4 14. Bg3 Qxb2 15. Nxf7 Rxf7 16. Qxe7 Qxb3 17. Qd8+ Rf8 18. Qxf8+ Kxf8 19. axb3 Na6 20. Rad1 Bf5 21. Rfe1 Bxc2 22. Rd7 Bf5 23. Rde7 Rc8 24. h4 h5 25. Bf4 Nc5 26.
Bxc7 Nxb3 27. Bd6 Kg8 28. Rxb7 Bd4 29. Ree7 Nc5 30. Bxc5 Bxc5 31. Rg7+ Kf8 32. Rbf7+ Ke8 33. Rb7 Bf8 34. Rg8 a5 35. Ra7 a4 36. Rxa4 Kf7 37. Rh8 Kg7 38. Rxf8 Kxf8 39. f3 Kg7 40. Kh2 Kf6 41. Kg3 Rc6 42. Rd4 Re6 43. Rb4 g5 44.
hxg5+ Kxg5 45. Kf2 Rd6 46. g4 hxg4 47. fxg4 Bxg4 48.
Kg3 Rd3+ 49. Kf2 Bf5 50. Ke2 Ra3 51. Rb2 Kf4 52. Rb4+ Be4 53. Rb8 Ra2+ 54. Kd1 Ke3 55. Kc1 Rh2 56. Re8 Kd3 57. Rd8+ Kc3 58. Rc8+ Kd3 59.
Rd8+ Ke3 60. Re8 Rc2+ 61. Kd1 Rc5 62. Re7 Kf2 63. Rxe4 Kf3 64. Rd4 Ke3 65. Rd8 Rc4 66. Ke1 Rc1+ 67. Rd1 Rxd1+ 68. Kxd1 1/2-1/2

[Event "Live Chess"]
[Site "Chess.com"]
[Date "2024.06.01"]
[Round "-"]
[White "Ferrarifan27"]
[Black "RomanKifliuk"]
[Result "1/2-1/2"]
[WhiteElo "2068"]
[BlackElo "2338"]
[TimeControl "300"]
[EndTime "11:22:44 PDT"]
[Termination "Game drawn by repetition"]

1. e4 e5 2. Nf3 Nc6 3. Bb5 f5 4. d3 Nf6 5. Nc3 Be7 6. O-O O-O 7. Re1 d6 8. Bg5 fxe4 9. dxe4 Bg4 10. Qd3 Kh8 11. a3 Nh5 12. Bxe7 Qxe7 13. Nd5 Qd7 14. Nd2 Be6 15. g3 Qf7 16. f3 Nd4 17. Rf1 c6 18.
Ba4 cxd5 19. exd5 Bxd5 20. c3 Nc6 21. c4 Be6 22. Ne4 Nd4 23. Nxd6 Qe7 24. Ne4 Rad8 25. Qe3 Bh3 26. Rf2 Bf5 27. Nd2 Bd7 28. Bxd7 Rxd7 29. Ne4 Rfd8 30. Raf1 h6 31. b3 Nf5 32. Qc1 Rd3 33.
Nc3 Nd4 34. Nd5 Qf7 35. b4 Rf8 36. a4 Rxf3 37. Rxf3 Nxf3+ 38. Kh1 e4 39. Qe3 Nxg3+ 40. Kg2 Nxf1 41. Qxe4 N3xh2 42. Nf4 Qf6 43. Ng6+ Kg8 44. Ne7+ Kh8 45. Ng6+ Kg8 46. Ne7+ Kh8 47. Ng6+ 1/2-1/2

[Event "Live Chess"]
[Site "Chess.com"]
[Date "2024.06.01"]
[Round "-"]
[White "ogpin"]
[Black "WilliamofOrange16th"]
[Result "0-1"]
[WhiteElo "2204"]
[BlackElo "1956"]
[TimeControl "300"]
[EndTime "11:22:55 PDT"]
[Termination "WilliamofOrange16th won by checkmate"]

1. a4 g6 2. Ra3 Bg7 3. g3 d5 4. Bg2 c6 5. Nf3 e5 6. d3 Be6 7. O-O Nd7 8. b4 f5 9. b5 e4 10. d4 exf3 11. Bxf3 Ngf6 12. Bf4 Ne4 13. c4 O-O 14.
Nc3 Ndf6 15. e3 Nxc3 16. Rxc3 Ne4 17. Rc1 dxc4 18. Qc2 cxb5 19. axb5 Bd5 20. Qa4 b6 21. Rfd1 Qe7 22. h4 h6 23. Be2 c3 24. f3 Nd6 25.
Rxc3 g5 26. hxg5 hxg5 27. Be5 Bxe5 28. dxe5 Qxe5 29. Kf2 Qxc3 30. Rxd5 Rad8 31. Rd3 Qc5 32. Qxa7 f4 33. Qa2+ Kh7 34. gxf4 gxf4 35. Qb1 fxe3+ 36. Rxe3+ Nf5 37. Qe4 Qxe3+ 38. Qxe3 Nxe3 39. Kxe3 Rfe8+ 40. Kf2 Rd2 41. f4 Rdxe2+ 42. Kf3 Rb2 43. Kg4 Rxb5 44. f5 Rxf5 45. Kxf5 b5 46. Kf6 b4 47. Kf7 Re1 48.
Kf6 b3 49. Kf5 b2 50. Kf4 b1=Q 51. Kg5 Rf1 52. Kh5 Rg1 53. Kh4 Qe4+ 54. Kh5 Qh1# 0-1

[Event "Live Chess"]
[Site "Chess.com"]
[Date "2024.06.01"]
[Round "-"]
[White "Nazar-Makarchuk"]
[Black "Bob2pen"]
[Result "0-1"]
[WhiteElo "1513"]
[BlackElo "1866"]
[TimeControl "300"]
[EndTime "11:23:04 PDT"]
[Termination "Bob2pen won by resignation"]

1. e4 e6 2. Nf3 d5 3. exd5 exd5 4.
d4 Bd6 5. c4 dxc4 6. Bxc4 Ne7 7. O-O O-O 8. Nc3 Nbc6 9. Bb5 Bg4 10. Be2 Re8 11. Ne5 Bxe5 12. dxe5 Qxd1 13. Rxd1 Bxe2 14.
Nxe2 Nxe5 15. Re1 Nd3 16. Rd1 Rad8 17. Nc3 Nc6 18. b3 Nxc1 19. Raxc1 Nb4 20. Rxd8 Rxd8 21. Nb5 Nxa2 22. Ra1 c6 23. h3 cxb5 24. Rxa2 a6 25. Rc2 Kf8 26. Rc7 Rb8 27. Kf1 a5 28. Rc5 a4 29.
Rxb5 axb3 30. Rxb3 Ke7 31. Ke2 b5 32. Kd3 Kd6 33.
Kd4 b4 34. Kc4 Ke5 35. Rxb4 Rxb4+ 36. Kxb4 Ke4 37. Kc3 f5 38. Kd2 g5 39. Ke2 g4 40.
hxg4 fxg4 41. Kd2 h5 42. Ke2 h4 43. Kd2 h3 44. f3+ Kf4 45. gxh3 gxh3 0-1

[Event "Live Chess"]
[Site "Chess.com"]
[Date "2024.06.01"]
[Round "-"]
[White "powerchs"]
[Black "willc-h99"]
[Result "0-1"]
[WhiteElo "1251"]
[BlackElo "2632"]
[TimeControl "300"]
[EndTime "11:23:15 PDT"]
[Termination "willc-h99 won by checkmate"]

1. e4 c6 2. d4 d5 3. Nc3 dxe4 4.
Nxe4 Nf6 5. Nxf6+ exf6 6. Be2 Bd6 7. Nf3 O-O 8. O-O Nd7 9. c3 Re8 10. Bd3 Nf8 11. Qc2 Bg4 12. Nd2 Bc7 13. Ne4 f5 14. Ng3 f4 15. Ne4 f3 16. Ng5 Ng6 17. g3 Re1 18. Rxe1 Qd7 19. Be3 Bh5 20. Bf5 Qd5 21. c4 Qd8 22. d5 Ne5 23. dxc6 bxc6 24. Rad1 Qf6 25. Ne4 Qxf5 26. Ng5 Qxc2 27. Rc1 Qf5 28.
Nxf7 Bxf7 29. Bf4 Qh3 30. Rxe5 Qg2# 0-1

[Event "Live Chess"]
[Site "Chess.com"]
[Date "2024.06.01"]
[Round "-"]
[White "hapehansen"]
[Black "Golden_Plans"]
[Result "1/2-1/2"]
[WhiteElo "2243"]
[BlackElo "2253"]
[TimeControl "300"]
[EndTime "11:23:18 PDT"]
[Termination "Game drawn by repetition"]

1. Nf3 Nf6 2. c4 e6 3. Nc3 d5 4.
e3 c6 5. d4 Be7 6. Qc2 Nbd7 7. Bd3 b6 8. O-O Bb7 9. e4 dxe4 10.
Nxe4 c5 11. dxc5 Nxe4 12. Bxe4 Bxe4 13. Qxe4 Nxc5 14. Qc6+ Kf8 15. Be3 Rc8 16. Qb5 a6 17. Qb4 Nd3 18. Qd2 e5 19. Bxb6 Qd7 20. Rad1 e4 21. Ne5 Nxe5 22. Qxd7 Nxd7 23. Rxd7 Rxc4 24. Rfd1 g6 25. Kf1 Rb4 26. Rxe7 Rxb6 27. Rxe4 Rxb2 28. Ra4 Kg7 29. Rxa6 Rc8 30. Ra3 Rcc2 31. Rf3 Rxa2 32.
h4 f5 33. g3 h5 34. Kg2 Kf6 35. Rd6+ Kf7 36. Rd7+ Kf6 37. Rd6+ Kg7 38. Rd7+ Kh6 39. Rd6 Rd2 40. Rc6 Rac2 41. Rb6 Re2 42. Rd6 Rc1 43. Re3 Rxe3 44. fxe3 Kg7 45. Kf3 Kf7 46.
Kf4 Rc4+ 47. Kf3 Rc1 48. Ra6 Rc7 49. Rb6 Re7 50. Kf4 Re4+ 51. Kf3 Re6 52. Rxe6 Kxe6 53. e4 Ke5 54. exf5 Kxf5 55. Kf2 Kg4 56. Kg2 Kf5 57. Kf3 Kf6 58. Kf4 Kf7 59. Kf3 Kg7 60. Ke3 Kh6 61. Kf4 Kh7 62. Ke5 Kg7 63. Ke6 Kh7 64. Kf7 Kh6 65. Kf6 Kh7 66. Kf7 Kh6 67. Kf6 Kh7 68. Kf7 1/2-1/2

[Event "Live Chess"]
[Site "Chess.com"]
[Date "2024.06.01"]
[Round "-"]
[White "sebmoran1"]
[Black "JavaidMiah"]
[Result "1-0"]
[WhiteElo "1522"]
[BlackElo "1182"]
[TimeControl "300"]
[EndTime "11:23:20 PDT"]
[Termination "sebmoran1 won by checkmate"]

1. c4 Nf6 2. Nc3 e5 3. g3 Bc5 4.
Bg2 O-O 5. Nf3 Re8 6. O-O Nc6 7. e3 Bb6 8. d4 exd4 9. exd4 d5 10. c5 Ba5 11. a3 Bxc3 12. bxc3 Bg4 13. Bg5 h6 14. Be3 Qd7 15. Qb3 Na5 16. Qb4 b6 17. cxb6 axb6 18. Ne5 Qe6 19. Nxg4 Nxg4 20. Bf4 Qd7 21. h3 Nf6 22. Be5 Nc6 23. Qb5 Nxe5 24. Qxd7 Nexd7 25. h4 Ra4 26. Bh3 Rea8 27. Rfe1 Kf8 28. g4 Rxa3 29. Rxa3 Rxa3 30. g5 hxg5 31. hxg5 Ne4 32. Bxd7 Nxg5 33. Re8# 1-0

[Event "Live Chess"]
[Site "Chess.com"]
[Date "2024.06.01"]
[Round "-"]
[White "LL220284LL"]
[Black "KeithArkell"]
[Result "1-0"]
[WhiteElo "2576"]
[BlackElo "2513"]
[TimeControl "300"]
[EndTime "11:23:34 PDT"]
[Termination "LL220284LL won by checkmate"]

1. Nf3 d5 2. g3 Bg4 3. Bg2 Bxf3 4. Bxf3 c6 5. O-O Nf6 6. d3 e6 7. Nd2 Nbd7 8. Rb1 a5 9. c4 Bc5 10. e3 O-O 11. Qe2 Re8 12. Rd1 a4 13. b4 axb3 14. axb3 Bb4 15. Bg2 Qb6 16. Bb2 Ra2 17. Bd4 Bc5 18.
Bxc5 Nxc5 19. b4 Na4 20. Rdc1 Ra8 21. Qd1 Nb2 22. Qc2 Nxc4 23. Nxc4 dxc4 24. Qxc4 Nd5 25. b5 Nxe3 26. fxe3 Qxe3+ 27. Kh1 Rxg2 28. Kxg2 Qe2+ 29. Kh3 g6 30. Qe4 Qh5+ 31. Qh4 Qe2 32. Qg4 Qxd3 33.
Rd1 Qc2 34. bxc6 bxc6 35. Qd4 Ra2 36. Rb8# 1-0

[Event "Live Chess"]
[Site "Chess.com"]
[Date "2024.06.01"]
[Round "-"]
[White "DoctorMantisTobogganMD"]
[Black "KwikPhoenix"]
[Result "1-0"]
[WhiteElo "2208"]
[BlackElo "2426"]
[TimeControl "300"]
[EndTime "11:23:50 PDT"]
[Termination "DoctorMantisTobogganMD won by resignation"]

1. e4 e6 2. Nf3 d5 3. e5 c5 4. b4 cxb4 5. d4 Nc6 6. a3 bxa3 7. c3 a6 8. Bd3 b5 9. O-O Bb7 10. Ng5 h6 11. Qh5 Qd7 12. Nxf7 Nf6 13. exf6 Rg8 14. Ne5+ g6 15. Bxg6+ Qf7 16. Bxf7+ 1-0

[Event "Live Chess"]
[Site "Chess.com"]
[Date "2024.06.01"]
[Round "-"]
[White "bobby_jamesFischer86"]
[Black "IanCalvert2"]
[Result "0-1"]
[WhiteElo "1590"]
[BlackElo "1486"]
[TimeControl "300"]
[EndTime "11:23:52 PDT"]
[Termination "IanCalvert2 won by resignation"]

1. d4 d5 2. c4 c6 3. Nc3 Nf6 4. cxd5 cxd5 5. Nf3 Nc6 6. e3 Bf5 7. Bd3 Bxd3 8. Qxd3 e6 9. a3 Bd6 10. b4 O-O 11.
O-O Qc7 12. Nb5 Qd7 13. Nxd6 Qxd6 14. Bb2 Ne4 15. Nd2 Nxd2 16. Qxd2 Ne7 17. Rac1 Rac8 18. Rxc8 Rxc8 19. Rc1 Rxc1+ 20. Qxc1 h6 21. g3 Qc6 22. Qc5 Qxc5 23. dxc5 f6 24. Kf1 a6 25. Ke2 Nc6 26.
Kd3 Kf7 27. f4 e5 28. Bc3 Ke6 29. g4 g6 30. h3 h5 31. a4 hxg4 32. hxg4 f5 33.
g5 e4+ 34. Kd2 Kd7 35. b5 axb5 36. axb5 Na7 37. b6 Nb5 38. Kc2 Kc6 39. Bd4 Nxd4+ 40. Kd2 Nb3+ 0-1

[Event "Live Chess"]
[Site "Chess.com"]
[Date "2024.06.01"]
[Round "-"]
[White "rakibsachchu"]
[Black "Richardallis"]
[Result "0-1"]
[WhiteElo "1581"]
[BlackElo "2055"]
[TimeControl "300"]
[EndTime "11:23:52 PDT"]
[Termination "Richardallis won by resignation"]

1. e4 d5 2. exd5 Nf6 3. Nf3 Nxd5 4. Bc4 Bg4 5. h3 Bxf3 6. Qxf3 c6 7. Nc3 e6 8. O-O Nd7 9. d4 Bd6 10. Re1 O-O 11. Ne4 Be7 12. Bd3 Rc8 13. c3 Re8 14.
Be3 Nxe3 15. Rxe3 Nf6 16. Rae1 Nxe4 17. Qxe4 g6 18. h4 Qd5 19. Qg4 h5 20. Qf4 Kg7 21. Re5 Qd8 22. g3 Bd6 23. Qe4 Bxe5 24. dxe5 Qd5 25. Qe3 Red8 26. Be4 Qxe5 0-1

[Event "Live Chess"]
[Site "Chess.com"]
[Date "2024.06.01"]
[Round "-"]
[White "chess5013"]
[Black "peteopeteo"]
[Result "1-0"]
[WhiteElo "1270"]
[BlackElo "1606"]
[TimeControl "300"]
[EndTime "11:24:17 PDT"]
[Termination "chess5013 won by resignation"]

1. d4 d5 2. Bf4 Bf5 3. e3 Nf6 4. c3 e6 5. Nf3 Bd6 6. Bg3 Bxg3 7. hxg3 Nbd7 8. Bd3 Bxd3 9. Qxd3 a6 10. Nbd2 Nf8 11. O-O-O Ng6 12. Ne5 Nxe5 13. dxe5 Nd7 14. Rxh7 Ke7 15.
Rdh1 Rxh7 16. Qxh7 Nxe5 17. Qxg7 Nd3+ 18. Kc2 Nxf2 19.
Rf1 Qd6 20. Rxf2 Rf8 21. Qg5+ Kd7 22. Nf3 f6 23. Qg7+ Kc8 24. Nd4 Rd8 25. Qxf6 c5 26. Qxe6+ Qxe6 27. Nxe6 Re8 28. Nxc5 Rxe3 29. Rf3 Re2+ 30.
Kb3 Rxg2 31. Nd3 Rh2 32. Nf4 d4 33. cxd4 Rh6 34. Nd5 Rd6 35. Rf5 Kd7 36. g4 Ke6 37. Rf6+ Kxd5 38. Rxd6+ Kxd6 39. g5 Ke6 40. Kc4 Kf5 41.
Kc5 Kxg5 42. Kb6 Kf5 43. Kxb7 Ke4 44. Kxa6 Kxd4 45. b4 Kc4 46. b5 Kc5 47. b6 Kc6 48. Ka7 1-0

[Event "Live Chess"]
[Site "Chess.com"]
[Date "2024.06.01"]
[Round "-"]
[White "missedJariChance"]
[Black "OliWally08"]
[Result "0-1"]
[WhiteElo "1344"]
[BlackElo "1274"]
[TimeControl "300"]
[EndTime "11:24:29 PDT"]
[Termination "OliWally08 won by checkmate"]

1. b3 e6 2. Bb2 Nf6 3. Nf3 b6 4.
e3 Bb7 5. Be2 Be7 6. O-O O-O 7.
c4 d5 8. cxd5 Bxd5 9. Nc3 Bb7 10. d4 Bd6 11. Rc1 Re8 12. Re1 Nbd7 13. Bb5 c6 14.
Bd3 Nf8 15. e4 c5 16. e5 cxd4 17. Nxd4 Bc5 18. exf6 Bxd4 19. Be4 Bxe4 20. Nxe4 Bxb2 21. Qg4 Bxf6 22. Nxf6+ Qxf6 23. h3 Ng6 24. Re3 Rec8 25. Rxc8+ Rxc8 26. Rd3 Rc1+ 27. Kh2 Qe5+ 28. g3 Qe1 29.
Rd8+ Nf8 30. Qf3 Qg1# 0-1

[Event "Live Chess"]
[Site "Chess.com"]
[Date "2024.06.01"]
[Round "-"]
[White "Yarigo"]
[Black "jimwad"]
[Result "1-0"]
[WhiteElo "2335"]
[BlackElo "1249"]
[TimeControl "300"]
[EndTime "11:24:32 PDT"]
[Termination "Yarigo won by resignation"]

1. d4 d5 2. Nf3 Nf6 3. Bf4 Bf5 4. e3 e6 5. Bd3 Bxd3 6. Qxd3 Bd6 7. O-O Bxf4 8.
exf4 Nbd7 9. Nbd2 O-O 10. Rae1 c5 11. c3 c4 12. Qc2 b5 13. f5 exf5 14. Qxf5 a6 15. Ne5 Nxe5 16. dxe5 Ne8 17. e6 fxe6 18. Qxe6+ Kh8 19. Nf3 Nf6 20. Re5 Re8 21. Qc6 Rxe5 22. Nxe5 Qe8 23. Re1 Qxc6 24. Nxc6 h6 25. f3 Rc8 26.
Re6 Nh7 27. Ne7 Ra8 28. Nxd5 Nf6 29. Nxf6 gxf6 30. Rxf6 Rd8 1-0

[Event "Live Chess"]
[Site "Chess.com"]
[Date "2024.06.01"]
[Round "-"]
[White "Cruiseylee78"]
[Black "SimonB4a"]
[Result "0-1"]
[WhiteElo "1703"]
[BlackElo "2167"]
[TimeControl "300"]
[EndTime "11:24:46 PDT"]
[Termination "SimonB4a won by resignation"]

1. d4 e6 2. Bf4 d5 3. e3 Bd6 4.
Bg3 Nf6 5. Nf3 O-O 6. Bd3 Ne4 7. Nbd2 f5 8. c3 c6 9. Ne5 Nxg3 10. hxg3 Bxe5 11.
dxe5 Qb6 12. Qc2 Nd7 13. f4 Qxe3+ 14. Kd1 Qxg3 15. Nf3 Qxf4 16. Rh4 Qg3 17. Rh3 Qg6 18. Kd2 Re8 19. g3 Nf8 20. Rah1 a5 21. Kc1 b6 22. g4 Qxg4 23. Nh4 Ba6 24. Bxa6 Rxa6 25. Qf2 Qc4 26. b3 Qc5 27. Qg3 Ra7 28. Rg1 a4 29. b4 Qc4 30. Rh2 d4 31. Rhg2 Qxc3+ 32. Qxc3 dxc3 0-1

[Event "Live Chess"]
[Site "Chess.com"]
[Date "2024.06.01"]
[Round "-"]
[White "EgbertIII"]
[Black "Dhaydon19"]
[Result "0-1"]
[WhiteElo "1445"]
[BlackElo "2682"]
[TimeControl "300"]
[EndTime "11:24:48 PDT"]
[Termination "Dhaydon19 won by resignation"]

1. b4 c6 2. Bb2 d5 3. Nf3 Nf6 4. e3 g6 5. a3 Bg7 6. c4 O-O 7.
cxd5 cxd5 8. d4 Nc6 9. Be2 Bg4 10.
h3 Bxf3 11. Bxf3 e6 12. Nd2 Rc8 13. O-O Ne7 14. Nb3 Nf5 15. Nc5 Nd6 16. Rc1 b6 17. Nd3 Qd7 18. Ne5 Qb7 19. Qa4 a6 20. Qb3 Nfe4 21.
Rxc8 Rxc8 22. Rc1 f6 23. Nc6 Rxc6 24. Rxc6 Qxc6 25. Bg4 Nc4 26. f3 Ned2 27. Qc3 f5 0-1

[Event "Live Chess"]
[Site "Chess.com"]
[Date "2024.06.01"]
[Round "-"]
[White "Sokolik_UA"]
[Black "degringolade64"]
[Result "0-1"]
[WhiteElo "803"]
[BlackElo "2067"]
[TimeControl "300"]
[EndTime "11:24:57 PDT"]
[Termination "degringolade64 won by checkmate"]

1. e4 e5 2. d4 exd4 3. Qxd4 Nc6 4. Qe3 Nf6 5. Nc3 Bb4 6. h3 O-O 7. Bd3 Re8 8. Bd2 d5 9. f3 Bxc3 10. Bxc3 d4 11. Bxd4 Qxd4 12. Qd2 Qxb2 13. Qc1 Qc3+ 14. Kd1 Nb4 15. Ne2 Qc5 16. g4 Be6 17. h4 Rad8 18. h5 Nxd3 19. cxd3 Rxd3+ 20. Ke1 Qb4+ 21. Kf1 Rxf3+ 22.
Kg2 Qxe4 23. h6 Qxg4+ 24. Ng3 Rxg3+ 25. Kf2 Qf3+ 26. Ke1 Bg4+ 27. Kd2 Qd3# 0-1

[Event "Live Chess"]
[Site "Chess.com"]
[Date "2024.06.01"]
[Round "-"]
[White "Queensandpawns"]
[Black "GerardATHart"]
[Result "1-0"]
[WhiteElo "2450"]
[BlackElo "1414"]
[TimeControl "300"]
[EndTime "11:25:06 PDT"]
[Termination "Queensandpawns won by resignation"]

1. d4 f5 2. Nc3 Nf6 3. Bg5 Ne4 4.
Nxe4 fxe4 5. e3 d5 6. h4 g6 7. h5 Bf5 8. g4 h6 9. gxf5 hxg5 10. fxg6 Nd7 11. Qg4 Bh6 12. Qe6 Nf6 13. Qf7+ Kd7 14. g7 Rg8 15. Bh3+ g4 16. Bxg4+ Nxg4 17. Qxd5+ Ke8 18. Qxg8+ 1-0

[Event "Live Chess"]
[Site "Chess.com"]
[Date "2024.06.01"]
[Round "-"]
[White "jonny_dzz"]
[Black "ProfPoisson"]
[Result "0-1"]
[WhiteElo "1871"]
[BlackElo "1252"]
[TimeControl "300"]
[EndTime "11:25:09 PDT"]
[Termination "ProfPoisson won by checkmate"]

1. d4 e6 2. e3 f5 3. f4 Nf6 4. Bd3 b6 5. Nf3 Bb7 6. O-O Qe7 7. Nbd2 d6 8. c3 Nbd7 9. Qc2 Ng4 10. Re1 Bxf3 11.
Nxf3 h5 12. e4 fxe4 13. Bxe4 d5 14. Bxd5 O-O-O 15. Bxe6 Qd6 16. Bxd7+ Rxd7 17. Ne5 Qf6 18. Nxd7 Qh4 19. Be3 Qxh2+ 20. Kf1 Nxe3+ 21. Rxe3 Qh1+ 22. Kf2 Qxa1 23. Nxf8 Rxf8 24. a3 Rxf4+ 25. Kg3 Rg4+ 26. Kf3 Qf1+ 27. Qf2 Rf4+ 28. Kxf4 Qxf2+ 29. Rf3 Qxb2 30. a4 Qxg2 31. Ke3 g5 32. Rf8+ Kb7 33. a5 bxa5 34.
Rf5 a4 35. Ra5 Qg3+ 36. Kd2 Qf4+ 37. Kd3 h4 38. Rxa4 h3 39. Rb4+ Kc8 40. d5 h2 41.
Rxf4 gxf4 42. Ke4 h1=Q+ 43. Kxf4 Qxd5 44. Ke3 Kd7 45. Ke2 Ke6 46. Ke3 Ke5 47. Ke2 Ke4 48.
Kf2 Qd3 49. Kg2 Qxc3 50. Kf2 Kf4 51. Kg2 Qd2+ 52. Kh1 Kg3 53. Kg1 Qg2# 0-1

[Event "Live Chess"]
[Site "Chess.com"]
[Date "2024.06.01"]
[Round "-"]
[White "updatedopenings2024"]
[Black "Duke_of_Bebington"]
[Result "1-0"]
[WhiteElo "1940"]
[BlackElo "1621"]
[TimeControl "300"]
[EndTime "11:25:16 PDT"]
[Termination "updatedopenings2024 won by resignation"]

1. Nf3 d5 2. g3 Nc6 3. Bg2 e5 4. O-O Be6 5. d4 e4 6. Ne5 Nxe5 7.
dxe5 f6 8. exf6 Nxf6 9. c4 dxc4 10. Qa4+ c6 11. Nc3 b5 12. Qc2 Bb4 13. Nxe4 Nxe4 14. Qxe4 Qf6 15. Qxc6+ Kf7 16. Qc7+ Kg6 17. Bf4 Rhc8 18.
Qb7 c3 19. bxc3 Bxc3 20. Rac1 b4 21. h4 h6 22. Qe4+ Bf5 23. Qf3 Kh7 24. e4 Bd7 25. e5 Bxe5 26. Qe4+ Kh8 27. Bxe5 1-0

[Event "Live Chess"]
[Site "Chess.com"]
[Date "2024.06.01"]
[Round "-"]
[White "gmnorfolk"]
[Black "ogpin"]
[Result "0-1"]
[WhiteElo "2108"]
[BlackElo "2214"]
[TimeControl "300"]
[EndTime "11:25:18 PDT"]
[Termination "ogpin won by resignation"]

1. c4 a5 2. Nc3 Ra6 3. e4 e5 4. d4 exd4 5. Qxd4 Re6 6. f4 Nc6 7. Qd1 Bb4 8. Bd3 Nf6 9. f5 Rxe4+ 10. Bxe4 Nxe4 11. Qe2 O-O 12. Nf3 Nxc3 13. bxc3 Bxc3+ 14. Bd2 Bxa1 15. O-O Nd4 16. Nxd4 Bxd4+ 17. Kh1 Re8 18.
Qg4 Bf6 19. Bxa5 b6 20. Bd2 d5 0-1

[Event "Live Chess"]
[Site "Chess.com"]
[Date "2024.06.01"]
[Round "-"]
[White "dhairyapandyauk"]
[Black "FortunatusMax"]
[Result "1-0"]
[WhiteElo "1718"]
[BlackElo "914"]
[TimeControl "300"]
[EndTime "11:25:19 PDT"]
[Termination "dhairyapandyauk won by checkmate"]

1. e4 e5 2. Nf3 f5 3. exf5 Nf6 4. d3 Bd6 5. Nc3 O-O 6. Be2 h6 7. O-O Nc6 8. d4 exd4 9. Nxd4 Nxd4 10. Qxd4 b6 11.
Bc4+ Kh8 12. Qh4 g5 13. Bxg5 Be7 14. Qxh6+ Nh7 15. Bxe7 Qxe7 16. Rae1 Qg7 17. Qxg7+ Kxg7 18. Re7+ Kh8 19. Rfe1 Bb7 20. Rxd7 Rac8 21. Ree7 Ng5 22. h4 Rxf5 23. hxg5 Rxg5 24. Rh7# 1-0